 Dungeon Crawl Stone Soup version 0.16.2-12-gd0ad4c3 (webtiles) character file.

39 schauveau the Digger (level 3, 19/19 HPs)
             Began as a Gargoyle Earth Elementalist on Oct 29, 2015.
             Quit the game on level 3 of the Dungeon.
             The game lasted 00:12:44 (1573 turns).

schauveau the Digger (Gargoyle Earth Elementalist)  Turns: 1573, Time: 00:12:44

Health: 19/19      AC:  8    Str: 11    XL:     3   Next: 45%
Magic:  7/7        EV: 12    Int: 16    God:
Gold:   144        SH:  0    Dex: 10    Spells: 1 memorised, 7 levels left

rFire  . . .     SeeInvis .     k - +0 dagger (elec)
rCold  . . .     Clarity  .     c - +0 robe
rNeg   + . .     SustAb   .     (no shield)
rPois  ∞         Gourm    .     o - +0 helmet
rElec  +         Spirit   .     (no cloak)
rCorr  .         Warding  .     w - +0 pair of gloves
rMut   .         Stasis   .     (no boots)
MR     .....                    (no amulet)
Stlth  ++........               (no ring)
                                x - +1 ring of protection

@: not resistant to hostile enchantments, unstealthy
A: negative energy resistance 1, electricity resistance, unbreathing,
petrification resistance, rot immunity, AC +3
a: no special abilities


You were on level 3 of the Dungeon.
You were not hungry.

You visited 1 branch of the dungeon, and saw 3 of its levels.

You collected 144 gold pieces.

Inventory:

Hand weapons
 f - a +0 club
 i - a +2 spear of piercing
 k - a +0 dagger of electrocution (weapon)
Missiles
 b - 58 stones (quivered)
 y - 5 poisoned needles
Armour
 c - a +0 robe (worn)
 o - a +0 helmet (worn)
 w - a +0 pair of gloves (worn)
Jewellery
 x - a +1 ring of protection (left hand)
Scrolls
 e - 3 scrolls of remove curse
 m - a scroll of amnesia {unknown}
 n - 2 scrolls of blinking
 p - a scroll of fear {unknown}
 q - a scroll of noise {unknown}
 u - a scroll of random uselessness {unknown}
 v - a scroll of recharging {unknown}
 z - a scroll of teleportation {unknown}
Potions
 g - 2 potions of heal wounds
 j - 3 potions of ambrosia
 l - a potion of might
 r - a potion of flight
 t - a potion of brilliance
Books
 d - a book of Geomancy

   Spells                             Type                      Level
   a - Sandblast                      Earth                        1
   b - Stoneskin                      Transmutation/Earth          2
   c - Passwall                       Transmutation/Earth          3
   d - Stone Arrow                    Conjuration/Earth            3
   e - Petrify                        Transmutation/Earth          4
   f - Lee's Rapid Deconstruction     Earth                        5
Comestibles
 a - 4 bread rations
 h - 2 chunks of flesh


   Skills:
 - Level 1.5 Dodging
 - Level 2.1 Stealth
 + Level 3.0 Spellcasting
   Level 0.7 Transmutations
 + Level 4.3 Earth Magic


You had 7 spell levels left.
You knew the following spells:

 Your Spells              Type           Power        Failure   Level  Hunger
a - Sandblast             Erth           ###...       3%          1    #......


Dungeon Overview and Level Annotations

Branches:
Dungeon (3/15)

Altars:


Innate Abilities, Weirdness & Mutations

You are resistant to torment.
You are immune to poison.
Your stone body is very resilient (AC +3).
You resist negative energy.
You are resistant to electric shocks.
You can survive without breathing.
You are immune to petrification.
You are immune to rotting.


Message History

Read which item? (? for menu, Esc to quit)
Identify which item? (\ to view known items) (? for menu, Esc to quit)
As you read the scroll of identify, it crumbles to dust.
t - a potion of brilliance Read which item? (? for menu, Esc to quit)
You don't have any such object.
Read which item? (? for menu, Esc to quit)
Okay, then.
Read which item? (? for menu, Esc to quit)
Okay, then.
Put on which piece of jewellery? (? for menu, Esc to quit)
x - a +1 ring of protection (left hand) Unknown command.
Casting: Sandblast
Confirm with . or Enter, or press ? or * to list all spells.
Okay, then.
Okay, then.
Unknown command.
Unknown command.
Are you sure you want to abandon this character and quit the game? (Confirm with "yes".)

#.........#
#..<.....##
#........#
#........#####
#........#...#
###....###>..##
###.## #.... #.#
#...# #.# #..@# #.#
#...#### ###....##
#### ##......## ..##
#........# ....
#........#######....
#...............####
#.......>######...##
#.........# ###.<.


There were no monsters in sight!

Vanquished Creatures
  A worm (D:1)
  2 ball pythons
  3 bats
  4 hobgoblins
  6 kobolds
  3 giant cockroaches
  3 giant newts
  3 goblins
  5 rats
30 creatures vanquished.

Notes
Turn   | Place    | Note
--------------------------------------------------------------
     0 | D:1      | schauveau, the Gargoyle Earth Elementalist, began the quest for the Orb.
     0 | D:1      | Reached XP level 1. HP: 10/10 MP: 3/3
   242 | D:1      | Reached XP level 2. HP: 15/15 MP: 0/5
   297 | D:1      | Reached skill level 4 in Earth Magic
   566 | D:1      | Reached XP level 3. HP: 19/19 MP: 4/6
  1573 | D:3      | Quit the game

Action                   || total
-------------------------++-------
Melee: Club              ||     7
       Dagger            ||    51
 Cast: Sandblast         ||    25
  Use: Scroll            ||     7
 Stab: Sleeping          ||     1
  Eat: Chunk             ||     2
